HBL
SAVANNAH SWAMP FOXES @ JACKSONVILLE SUNS
07/09/1997
 
TOP OF THE 1ST
Savannah Swamp Foxes batting - Pitching for Jacksonville Suns : RHP Ricky Bones
Pitching: RHP Ricky Bones
Batting: LHB Tony Longmire 0-0: Called Strike
0-1: Ball
1-1: Ball
2-1: SINGLE (Groundball, 4MD, EV 109.4 MPH)
Batting: RHB Charlie Hayes 0-0: Ball
1-0: Called Strike
1-1: Ball
2-1: Fly out, F5 (Popup, 5S, EV 79.4 MPH)
Batting: LHB Jacob Cruz 0-0: Foul Ball, location: 2F
0-1: Ball
1-1: Ball
2-1: Foul Ball, location: 2F
2-2: Strikes out swinging
Batting: RHB Jimmy Hurst 0-0: Fly out, F8 (Flyball, 8LD, EV 93.1 MPH)
Top of the 1st over - 0 runs, 1 hit, 0 errors, 1 left on base; Savannah 0 - Jacksonville 0
BOTTOM OF THE 1ST
Jacksonville Suns batting - Pitching for Savannah Swamp Foxes : RHP David Nied
Pitching: RHP David Nied
Batting: RHB Damon Buford 0-0: Ball
1-0: Foul Ball, location: 2F
1-1: Foul Ball, location: 2F
1-2: Ball
2-2: Foul Ball, location: 2F
2-2: SINGLE (Groundball, 56D, EV 102.5 MPH)
Batting: RHB Chris Gomez 0-0: Ball
1-0: SINGLE (Flyball, 8LS, EV 93.1 MPH)
Damon Buford to second
Batting: LHB Sean Casey 0-0: Ball
1-0: Fly out, F8 (Flyball, 8RD, EV 98.1 MPH)
Batting: SHB Dave Hollins 0-0: Ball
1-0: Called Strike
1-1: Ball
2-1: Foul Ball, location: 2F
2-2: Foul Ball, location: 2F
2-2: Ball
3-2: Fly out, F7 (Flyball, 78S, EV 77.5 MPH)
Batting: RHB Doug Mirabelli 0-0: Ball
1-0: Foul Ball, location: 2F
1-1: Swinging Strike
1-2: Ball
2-2: Foul Ball, location: 2F
2-2: SINGLE (Line Drive, 56D, EV 95.6 MPH)
Damon Buford to third
Chris Gomez to second
Runner from 3rd tries for Home, throw by LF and OUT! 7-2
Bottom of the 1st over - 0 runs, 3 hits, 0 errors, 2 left on base; Savannah 0 - Jacksonville 0
TOP OF THE 2ND
Savannah Swamp Foxes batting - Pitching for Jacksonville Suns : RHP Ricky Bones
Batting: LHB Jon Zuber 0-0: Foul Ball, location: 2F
0-1: Ball
1-1: Fly out, F8 (Flyball, 8RD, EV 84.4 MPH)
Batting: RHB Izzy Molina 0-0: Called Strike
0-1: Ball
1-1: Called Strike
1-2: Strikes out swinging
Batting: LHB Jack Howell 0-0: Called Strike
0-1: Ball
1-1: DOUBLE (Line Drive, 8LXD, EV 102.5 MPH)
Batting: SHB Jason Hardtke 0-0: Called Strike
0-1: Ball
1-1: Ball
2-1: Ball
3-1: Base on Balls
Batting: RHB Jeff Berblinger 0-0: Fielders Choice at 2nd, 5-4 (Groundball, 56, EV 80.0 MPH)
Top of the 2nd over - 0 runs, 1 hit, 0 errors, 2 left on base; Savannah 0 - Jacksonville 0
BOTTOM OF THE 2ND
Jacksonville Suns batting - Pitching for Savannah Swamp Foxes : RHP David Nied
Batting: RHB Angel Echevarria 0-0: Called Strike
0-1: Called Strike
0-2: Ball
1-2: Foul Ball, location: 2F
1-2: Ball
2-2: Foul Ball, location: 2F
2-2: Ball
3-2: Foul Ball, location: 2F
3-2: Fly out, F4 (Popup, 4S, EV 64.4 MPH)
Batting: LHB Ryan McGuire 0-0: Called Strike
0-1: Ball
1-1: Ground out 1-3 (Groundball, P, EV 70.0 MPH)
Batting: LHB Pete Rose Jr 0-0: Called Strike
0-1: Ground out 4-3 (Groundball, 4MS, EV 68.8 MPH)
Bottom of the 2nd over - 0 runs, 0 hits, 0 errors, 0 left on base; Savannah 0 - Jacksonville 0
TOP OF THE 3RD
Savannah Swamp Foxes batting - Pitching for Jacksonville Suns : RHP Ricky Bones
Batting: LHB Tony Longmire 0-0: Called Strike
0-1: Foul Ball, location: 2F
0-2: Fly out, F2 (Popup, 2LF, EV 91.3 MPH)
Batting: RHB Charlie Hayes 0-0: Called Strike
0-1: Called Strike
0-2: Ball
1-2: Ground out 2-3 (Groundball, 13S, EV 70.0 MPH)
Batting: LHB Jacob Cruz 0-0: Fly out, F8 (Line Drive, 8RD, EV 83.8 MPH)
Top of the 3rd over - 0 runs, 0 hits, 0 errors, 0 left on base; Savannah 0 - Jacksonville 0
BOTTOM OF THE 3RD
Jacksonville Suns batting - Pitching for Savannah Swamp Foxes : RHP David Nied
Batting: RHB Jorge Velandia 0-0: Foul Ball, location: 2F
0-1: Ball
1-1: Ball
2-1: Called Strike
2-2: Fly out, F4 (Popup, 13S, EV 84.4 MPH)
Batting: RHB Damon Buford 0-0: Ball
1-0: Ground out 6-3 (Groundball, 6, EV 91.9 MPH)
Batting: RHB Chris Gomez 0-0: Fly out, F8 (Flyball, 8RS, EV 91.3 MPH)
Bottom of the 3rd over - 0 runs, 0 hits, 0 errors, 0 left on base; Savannah 0 - Jacksonville 0
TOP OF THE 4TH
Savannah Swamp Foxes batting - Pitching for Jacksonville Suns : RHP Ricky Bones
Batting: RHB Jimmy Hurst 0-0: Ball
1-0: Foul Ball, location: 2F
1-1: Ball
2-1: Ground out 6-3 (Groundball, 6, EV 100.6 MPH)
Batting: LHB Jon Zuber 0-0: Ball
1-0: Foul Ball, location: 2F
1-1: Ball
2-1: SOLO HOME RUN (Flyball, 9D, EV 90.0 MPH), Distance : 367 ft
Batting: RHB Izzy Molina 0-0: Called Strike
0-1: Ball
1-1: Swinging Strike
1-2: Ball
2-2: Fly out, F8 (Line Drive, 8RD, EV 91.3 MPH)
Batting: LHB Jack Howell 0-0: Ground out 4-3 (Groundball, 4, EV 90.0 MPH)
Top of the 4th over - 1 run, 1 hit, 0 errors, 0 left on base; Savannah 1 - Jacksonville 0
BOTTOM OF THE 4TH
Jacksonville Suns batting - Pitching for Savannah Swamp Foxes : RHP David Nied
Batting: LHB Sean Casey 0-0: Ball
1-0: Ball
2-0: Called Strike
2-1: Called Strike
2-2: Ground out U3 (Groundball, 34S, EV 63.8 MPH)
Batting: SHB Dave Hollins 0-0: Foul Ball, location: 2F
0-1: Ball
1-1: Foul Ball, location: 2F
1-2: Ball
2-2: Reached on error, E3 (Groundball, 34, EV 80.0 MPH)
Batting: RHB Doug Mirabelli 0-0: Foul Ball, location: 2F
0-1: Ball
1-1: Ball
2-1: Foul Ball, location: 2F
2-2: Ball
3-2: DOUBLE (Line Drive, 89XD, EV 100.0 MPH)
Dave Hollins scores
Batting: RHB Angel Echevarria 0-0: Fly out, F8 (Line Drive, 8LD, EV 87.5 MPH)
Batting: LHB Ryan McGuire 0-0: Ball
1-0: Called Strike
1-1: Foul Ball, location: 2F
1-2: Foul Ball, location: 2F
1-2: Ball
2-2: Ball
3-2: Foul Ball, location: 2F
3-2: SINGLE (Groundball, 4MD, EV 99.4 MPH)
Doug Mirabelli to third
Doug Mirabelli scores
Batting: LHB Pete Rose Jr 0-0: Ball
1-0: Foul Ball, location: 2F
1-1: SINGLE (Groundball, 4MD, EV 98.1 MPH)
Ryan McGuire to second
Runner from 2nd tries for 3rd, SAFE, no throw by CF
Batting: RHB Jorge Velandia 0-0: Ball
1-0: Foul Ball, location: 2F
1-1: Ball
2-1: Ball
3-1: Base on Balls
Pete Rose Jr to second
Batting: RHB Damon Buford 0-0: Foul Ball, location: 2F
0-1: Ball
1-1: Called Strike
1-2: SINGLE (Groundball, 4MD, EV 106.3 MPH)
Ryan McGuire scores
Pete Rose Jr to third
Jorge Velandia to second
Runner from 3rd tries for Home, SAFE, no throw by CF
Batting: RHB Chris Gomez 0-0: Ball
1-0: Called Strike
1-1: Foul Ball, location: 2F
1-2: Ball
2-2: Fly out, F9 (Flyball, 9, EV 85.6 MPH)
Bottom of the 4th over - 4 runs, 4 hits, 1 error, 2 left on base; Savannah 1 - Jacksonville 4
TOP OF THE 5TH
Savannah Swamp Foxes batting - Pitching for Jacksonville Suns : RHP Ricky Bones
Batting: SHB Jason Hardtke 0-0: Ball
1-0: Ball
2-0: Called Strike
2-1: Ground out 5-3 (Groundball, 56, EV 105.6 MPH)
Batting: RHB Jeff Berblinger 0-0: Called Strike
0-1: Foul Ball, location: 2F
0-2: Ground out 1-3 (Groundball, 15, EV 69.4 MPH)
Batting: LHB Tony Longmire 0-0: Foul Ball, location: 2F
0-1: Foul Ball, location: 2F
0-2: Foul Ball, location: 2F
0-2: Strikes out swinging
Top of the 5th over - 0 runs, 0 hits, 0 errors, 0 left on base; Savannah 1 - Jacksonville 4
BOTTOM OF THE 5TH
Jacksonville Suns batting - Pitching for Savannah Swamp Foxes : RHP David Nied
Batting: LHB Sean Casey 0-0: Ball
1-0: Fly out, F9 (Flyball, 9LS, EV 82.5 MPH)
Batting: SHB Dave Hollins 0-0: Ball
1-0: Ball
2-0: Foul Ball, location: 2F
2-1: Fly out, F8 (Line Drive, 8RM, EV 98.8 MPH)
Batting: RHB Doug Mirabelli 0-0: Ball
1-0: Ball
2-0: Fly out, F3 (Popup, 3L, EV 78.8 MPH)
Bottom of the 5th over - 0 runs, 0 hits, 0 errors, 0 left on base; Savannah 1 - Jacksonville 4
TOP OF THE 6TH
Savannah Swamp Foxes batting - Pitching for Jacksonville Suns : RHP Ricky Bones
Batting: RHB Charlie Hayes 0-0: Called Strike
0-1: Fly out, F8 (Flyball, 8RS, EV 86.9 MPH)
Batting: LHB Jacob Cruz 0-0: Fly out, F3 (Popup, 34S, EV 74.4 MPH)
Batting: RHB Jimmy Hurst 0-0: Ball
1-0: Called Strike
1-1: Ball
2-1: Called Strike
2-2: Strikes out swinging
Top of the 6th over - 0 runs, 0 hits, 0 errors, 0 left on base; Savannah 1 - Jacksonville 4
BOTTOM OF THE 6TH
Jacksonville Suns batting - Pitching for Savannah Swamp Foxes : RHP David Nied
Batting: RHB Angel Echevarria 0-0: Ball
1-0: Ball
2-0: Ball
3-0: Base on Balls
Batting: LHB Ryan McGuire 0-0: Called Strike
0-1: Foul Ball, location: 2F
0-2: Foul Ball, location: 2F
0-2: Ball
1-2: Strikes out swinging
Batting: LHB Pete Rose Jr 0-0: Ball
1-0: Called Strike
1-1: Ball
2-1: Fly out, F8 (Flyball, 8RM, EV 84.4 MPH)
Batting: RHB Jorge Velandia 0-0: Called Strike
0-1: Ball
1-1: Foul Ball, location: 2F
1-2: Fly out, F9 (Flyball, 9S, EV 83.1 MPH)
Bottom of the 6th over - 0 runs, 0 hits, 0 errors, 1 left on base; Savannah 1 - Jacksonville 4
TOP OF THE 7TH
Savannah Swamp Foxes batting - Pitching for Jacksonville Suns : RHP Ricky Bones
Batting: LHB Jon Zuber 0-0: Called Strike
0-1: Ball
1-1: Fly out, F4 (Flyball, 34D, EV 86.9 MPH)
Batting: RHB Izzy Molina 0-0: Ball
1-0: Fly out, F9 (Flyball, 89M, EV 90.6 MPH)
Batting: LHB Jack Howell 0-0: Ball
1-0: Ball
2-0: Called Strike
2-1: Ground out 4-3 (Groundball, 4, EV 87.5 MPH)
Top of the 7th over - 0 runs, 0 hits, 0 errors, 0 left on base; Savannah 1 - Jacksonville 4
BOTTOM OF THE 7TH
Jacksonville Suns batting - Pitching for Savannah Swamp Foxes : RHP David Nied
Batting: RHB Damon Buford 0-0: Foul Ball, location: 2F
0-1: Called Strike
0-2: Ground out 5-3 (Groundball, 5, EV 96.9 MPH)
Batting: RHB Chris Gomez 0-0: Fly out, F5 (Line Drive, 5, EV 65.6 MPH)
Batting: LHB Sean Casey 0-0: Ball
1-0: Fly out, F8 (Flyball, 8RS, EV 73.1 MPH)
Bottom of the 7th over - 0 runs, 0 hits, 0 errors, 0 left on base; Savannah 1 - Jacksonville 4
TOP OF THE 8TH
Savannah Swamp Foxes batting - Pitching for Jacksonville Suns : RHP Ricky Bones
Batting: SHB Jason Hardtke 0-0: Called Strike
0-1: SINGLE (Flyball, 7S, EV 95.6 MPH)
Batting: RHB Jeff Berblinger 0-0: Called Strike
0-1: Foul Ball, location: 2F
0-2: Foul Ball, location: 2F
0-2: Strikes out swinging
Batting: LHB Tony Longmire 0-0: Ball
1-0: Called Strike
1-1: Fly out, F8 (Flyball, 89S, EV 75.0 MPH)
Batting: RHB Charlie Hayes 0-0: Ball
1-0: Foul Ball, location: 2F
1-1: Ball
2-1: Ball
3-1: Base on Balls
Jason Hardtke to second
Batting: LHB Jacob Cruz 0-0: Ball
1-0: Ball
2-0: SINGLE (Flyball, 7S, EV 90.0 MPH)
Jason Hardtke to third
Charlie Hayes to second
Runner from 3rd tries for Home, SAFE, no throw by LF
Batting: RHB Jimmy Hurst 0-0: Foul Ball, location: 2F
0-1: Ball
1-1: Fly out, F8 (Flyball, 8LM, EV 88.8 MPH)
Top of the 8th over - 1 run, 2 hits, 0 errors, 2 left on base; Savannah 2 - Jacksonville 4
BOTTOM OF THE 8TH
Jacksonville Suns batting - Pitching for Savannah Swamp Foxes : RHP David Nied
Pitching: LHP Mitch Williams
Batting: SHB Dave Hollins 0-0: Ball
1-0: Swinging Strike
1-1: Foul Ball, location: 2F
1-2: Ball
2-2: Foul Ball, location: 2F
2-2: Strikes out swinging
Batting: RHB Doug Mirabelli 0-0: Ball
1-0: Called Strike
1-1: Called Strike
1-2: Strikes out swinging
Batting: RHB Angel Echevarria 0-0: Swinging Strike
0-1: Foul Ball, location: 2F
0-2: Ball
1-2: Fly out, F8 (Flyball, 8LXD, EV 104.4 MPH)
Bottom of the 8th over - 0 runs, 0 hits, 0 errors, 0 left on base; Savannah 2 - Jacksonville 4
TOP OF THE 9TH
Savannah Swamp Foxes batting - Pitching for Jacksonville Suns : RHP Ricky Bones
Now in LF: Rich Butler
Batting: LHB Jon Zuber 0-0: Swinging Strike
0-1: SINGLE (Groundball, 34D, EV 105.6 MPH)
Pinch Hitting: LHB John Kruk 0-0: Called Strike
0-1: Swinging Strike
0-2: Ball
1-2: Foul Ball, location: 2F
1-2: Foul Ball, location: 2F
1-2: Strikes out swinging
Batting: LHB Jack Howell 0-0: Fly out, F5 (Popup, 25F, EV 83.8 MPH)
Batting: SHB Jason Hardtke 0-0: Ball
1-0: DOUBLE (Flyball, 78XD, EV 89.4 MPH)
Jon Zuber to third
Pinch Hitting: SHB Melvin Rosario 0-0: Ball
1-0: Called Strike
1-1: Foul Ball, location: 2F
1-2: Foul Ball, location: 2F
1-2: Foul Ball, location: 2F
1-2: Ball
2-2: Foul Ball, location: 2F
2-2: Foul Ball, location: 2F
2-2: Foul Ball, location: 2F
2-2: Foul Ball, location: 2F
2-2: Ball
3-2: Strikes out looking
Top of the 9th over - 0 runs, 2 hits, 0 errors, 2 left on base; Savannah 2 - Jacksonville 4
Friday, March 6th, 2026 - OOTP Baseball 20.8 Build 74